 Dungeon Crawl Stone Soup version 0.26.1-11-gd32895ea62 (webtiles) character file.

Game seed: 1325135550153841737

39 Zeld the Gusty (level 3, 0/19 HPs)
             Began as a Tengu Air Elementalist on Sept 8, 2021.
             Slain by an adder (4 damage)
             ... on level 2 of the Dungeon.
             The game lasted 00:04:03 (1383 turns).

Zeld the Gusty (Tengu Air Elementalist)             Turns: 1383, Time: 00:04:04

Health: 0/19       AC:  3    Str:  8    XL:     3   Next: 45%
Magic:  0/7        EV: 13    Int: 16    God:
Gold:   84         SH:  0    Dex: 14    Spells: 2/6 levels left

rFire    . . .     SeeInvis .   a - +0 short sword
rCold    . . .     Faith    .   (no shield)
rNeg     . . .     Spirit   .   m - +0 robe
rPois    .         Reflect  .   (helmet restricted)
rElec    .         Harm     .   (no cloak)
rCorr    .         Rampage  .   h - +0 pair of gloves
Will     .....                  (boots unavailable)
Stlth    ++........             (no amulet)
HPRegen  0.06/turn              (no ring)
MPRegen  0.10/turn              (no ring)

@: no status effects
A: beak, talons 3
a: no special abilities


You were on level 2 of the Dungeon.
You visited 1 branch of the dungeon, and saw 2 of its levels.

You collected 84 gold pieces.

Inventory:

Hand Weapons
 a - a +0 short sword (weapon)
Armour
 h - a +0 pair of gloves (worn)
 m - a +0 robe (worn)
Jewellery
 d - an uncursed amulet of the acrobat {unknown}
 f - an uncursed ring of protection from cold {unknown}
Scrolls
 b - a scroll of immolation {unknown}
 e - a scroll of remove curse {unknown}
 i - 2 scrolls of teleportation {unknown}
 l - a scroll of blinking {unknown}
Potions
 c - a potion of magic {unknown}
 g - a potion of curing {unknown}
 j - a potion of might {unknown}
 k - a potion of berserk rage {unknown}


   Skills:
 + Level 0.5 Armour
 + Level 3.0 Dodging
 - Level 2.1 Stealth
 * Level 2.4 Spellcasting
 + Level 1.7 Conjurations
 * Level 4.5 Air Magic


You had 2 spell levels left.
You knew the following spells:

 Your Spells              Type           Power        Failure   Level
a - Shock                 Conj/Air       44%          5%          1
b - Static Discharge      Conj/Air       11%          17%         3

Your spell library contained the following spells:

 Spells                   Type           Power        Failure   Level
 Swiftness                Air            16%          4%          2
 Airstrike                Air            8%           30%         4
 Lightning Bolt           Conj/Air       5%           83%         5


Dungeon Overview and Level Annotations

Branches:
Dungeon (2/15)

Altars:


Innate Abilities, Weirdness & Mutations

You have a beak for a mouth.
You have claws for feet.


Message History

The adder bites you. x2
You are too injured to fight recklessly!
You are too injured to fight recklessly!
You hit the adder. Your kick misses the adder. Your peck misses the adder.
The adder is severely wounded.
The adder bites you.
You barely miss the adder. Your kick misses the adder.
The adder is severely wounded.
The adder bites you.
* * * LOW HITPOINT WARNING * * *
The adder closely misses you.
Casting: Shock (safe; 5% risk of failure)
Confirm with . or Enter, or press ? or * to list all spells.
Aiming: Shock (safe; 5% risk of failure)
Press: ? - help, Shift-Dir - straight line, f - adder
Aim: an adder (severely wounded, 52% to evade)
The zap hits the adder.
The adder is almost dead.
The adder bites you.
You die...

##.###.#
#.....<.....######.
....##.####.##.##..[..#
##....#.....##.##.....#
.....###............###
##....#.....#########
##....##.########
#....##.....)..#
#.############.# #.#
#@# #.# #S# #.# #†# #.#
#.##### #.# #....S#
#####.# #.# #.# #S#


You could see an adder.

Vanquished Creatures
  An ooze (D:1)
  A dart slug (D:1)
  A leopard gecko (D:1)
  3 giant cockroaches (D:1)
  2 goblins
  5 hobgoblins
  3 jackals (D:2)
  6 bats
  2 frilled lizards (D:1)
  2 kobolds
  6 rats
32 creatures vanquished.

Notes
Turn   | Place    | Note
-------+----------+-------------------------------------------
     0 | D:1      | Zeld the Tengu Air Elementalist began the quest for the
                  | Orb.
     0 | D:1      | Reached XP level 1. HP: 10/10 MP: 4/4
   327 | D:1      | Reached XP level 2. HP: 14/15 MP: 1/6
   913 | D:1      | Reached XP level 3. HP: 19/19 MP: 4/7
   919 | D:1      | Learned a level 3 spell: Static Discharge
  1383 | D:2      | Slain by an adder

Illustrated notes

Levels and vault maps discovered:
D:1:      dpeg_arrival_arbitrary_b, layout_rooms, interstate_on_off
D:2:      layout_loops_ring

Skill      XL: |  1  2  3 |
---------------+----------+-----
Dodging        | 3 |  3.0
Armour         | |  0.5
Stealth        | |  2.1
Spellcasting   | |  2.4
Conjurations   | |  1.7
Air Magic      | |  4.5

Action                   || total
-------------------------++-------
Melee: Unarmed           ||     8
       Peck              ||     2
       Short sword       ||    18
       Kick              ||     2
 Cast: Shock             ||    72
Armor: Robe              ||    13
Dodge: Dodged            ||    34
